 Dungeon Crawl Stone Soup version 0.28.0 (webtiles) character file.

Game seed: 7803185660259701870

257 bromine the Chopper (level 6, -8/48 HPs)
             Began as a Human Cinder Acolyte on Feb 11, 2022.
             Was a Priest of Ignis.
             Mangled by a small abomination (21 damage)
             ... on level 3 of the Dungeon.
             The game lasted 00:10:18 (3174 turns).

bromine the Chopper (Human Cinder Acolyte)          Turns: 3174, Time: 00:10:19

Health: -8/48      AC:  3    Str: 16    XL:     6   Next: 39%
Magic:  7/7        EV:  9    Int: 14    God:    Ignis [***...]
Gold:   85         SH:  6    Dex:  9    Spells: 7/7 levels left

rFire   + . .      SeeInvis .   a - +0 hand axe (flame)
rCold   . . .      Faith    .   j - +0 kite shield
rNeg    . . .      Spirit   .   c - +0 leather armour
rPois   .          Reflect  .   (no helmet)
rElec   .          Harm     .   (no cloak)
rCorr   .          Rampage  .   (no gloves)
Will    .....                   (no boots)
Stlth   +.........              (no amulet)
HPRegen 0.16/turn               (no ring)
MPRegen 0.10/turn               (no ring)

@: no status effects
A: no striking features
a: Renounce Religion, Fiery Armour, Foxfire Swarm, Rising Flame


You were on level 3 of the Dungeon.
You worshipped Ignis.
Ignis was most pleased with you.
You visited 1 branch of the dungeon, and saw 3 of its levels.

You collected 85 gold pieces.

Inventory:

Hand Weapons
 a - a +0 hand axe of flaming (weapon)
Armour
 b - a +0 robe
 c - a +0 leather armour (worn)
 j - a +0 kite shield (worn)
Wands
 g - a wand of flame (15)
 h - a wand of paralysis (7)
Scrolls
 i - a scroll of torment {unknown}
Potions
 d - a potion of curing {unknown}
 e - a potion of heal wounds {unknown}
 f - a potion of berserk rage


   Skills:
 + Level 3.7 Fighting
 + Level 4.4 Axes
 + Level 3.0 Armour
 + Level 1.8 Dodging
 + Level 1.4 Stealth
 + Level 1.0 Spellcasting
 + Level 3.1 Fire Magic


You had 7 spell levels left.
You didn't know any spells.
Your spell library contained the following spells:

 Spells                   Type           Power      Damage    Failure   Level
 Scorch                   Fire           18%        2d5       43%         2
 Freeze                   Ice            0%         1d3       75%         1
 Magic Dart               Conj           0%         1d3       75%         1
 Blink                    Tloc           0%         N/A       86%         2
 Call Imp                 Summ           0%         N/A       86%         2
 Poisonous Vapours        Pois/Air       0%         N/A       86%         2
 Lesser Beckoning         Tloc           0%         N/A       98%         3
 Mephitic Cloud           Conj/Pois/Air  0%         N/A       98%         3
 Freezing Cloud           Conj/Ice/Air   0%         6-21      100%        5
 Manifold Assault         Tloc           0%         N/A       100%        5


Dungeon Overview and Level Annotations

Branches:
Dungeon (3/15)

Altars:

Portals:
Abyss: D:3

Annotations:
D:3 1 transporter, Dillmonsterx101's ghost, weakling OgBe; Natasha


Message History

You kill the giant cockroach!
The quokka bites you. The quokka closely misses you.
You hit the quokka. You burn the quokka.
You kill the quokka!
There is a transporter landing site here.
There is a transporter landing site here.
Found a mace.
Found a stone staircase leading up.
A giant cockroach comes into view.
A bat comes into view.
The giant cockroach bites you but does no damage.
You hit the giant cockroach. You burn the giant cockroach.
The giant cockroach is severely wounded.
You block the bat's attack. x2; You block the giant cockroach's attack.
You hit the giant cockroach. You burn the giant cockroach.
You kill the giant cockroach!
The bat closely misses you.
Your Armour skill increases to level 3!
The bat hits you but does no damage.
You slash the bat! You burn the bat.
You kill the bat!
There is a transporter here.
You enter the transporter and appear at another place.
There is a one-way gate to the infinite horrors of the Abyss here.
Unknown command.
The small abomination barely misses you.
You barely miss the small abomination.
You block the small abomination's attack.
You hit the small abomination but do no damage.
The small abomination hits you. The small abomination hits you!!
You hit the small abomination but do no damage.
You block the small abomination's attack.
You closely miss the small abomination. The small abomination hits you.
The small abomination hits you!
* * * LOW HITPOINT WARNING * * *
Activating: Foxfire Swarm
Press: ? - help, Dir - look around, f - activate Look: a small abomination Flames leap up around you!
The small abomination hits you!!
You die...

#.#.#..<....##.##..##..####...#
#.#.######..#W#.##©# #.x.©#...#
#.#.........##...###..##.##...#
#....#####...# #.....#####...[#
##...# #...###..#.##........##
.....# #.....#....#..........#
.....# #....©#vv.##..###.....#
...>.# #....##x#v#..##g##....#
..#..........##x@vv##.#...##...#
..#..####....#vvv#v.#####.##...#
..#..# ##..##v### #..##.##....#
..#..# #..#....##^#.##)#..)..#
..#..# #..#.###...# #.#.....#
..#..# #..###.##©####.##.....#
..#..# #.......###..###......#
..#..# #.....................#
.....# #.....................#


You could see 2 small abominations.

Vanquished Creatures
  Pargi (D:3)
  Jessica (D:3)
  Ijyb (D:3)
  Natasha (twice) (D:3)
  An adder (D:2)
  A dart slug (D:1)
  6 endoplasms
  2 giant cockroaches (D:3)
  4 goblins
  5 hobgoblins
  4 kobolds
  4 quokkas
  6 ball pythons
  7 bats
  3 frilled lizards (D:2)
  8 rats
56 creatures vanquished.

Vanquished Creatures (others)
  A bat (D:2)
  A hobgoblin (D:2)
  20 foxfires (D:3)
22 creatures vanquished.

Grand Total: 78 creatures vanquished

Notes
Turn   | Place    | Note
-------+----------+-------------------------------------------
     0 | D:1      | bromine the Human Cinder Acolyte began the quest for the
                  | Orb.
     0 | D:1      | Reached XP level 1. HP: 18/18 MP: 2/2
   231 | D:1      | Reached XP level 2. HP: 15/24 MP: 3/3
   376 | D:1      | Got Jeopir's Disquisition on Intoxication and Snow
   958 | D:1      | Reached XP level 3. HP: 19/29 MP: 4/4
  1234 | D:1      | Found a faded altar of an unknown god.
  1731 | D:2      | Reached skill level 1 in Armour
  2108 | D:2      | Reached XP level 4. HP: 35/35 MP: 5/5
  2349 | D:3      | Noticed Pargi
  2353 | D:3      | Noticed Jessica
  2357 | D:3      | Killed Pargi
  2358 | D:3      | Reached skill level 4 in Axes
  2358 | D:3      | Reached skill level 1 in Dodging
  2358 | D:3      | Reached skill level 1 in Stealth
  2358 | D:3      | Reached XP level 5. HP: 38/41 MP: 6/6
  2363 | D:3      | Killed Jessica
  2526 | D:3      | Noticed Ijyb
  2527 | D:3      | Noticed Natasha
  2534 | D:3      | Killed Natasha
  2535 | D:3      | Reached XP level 6. HP: 36/47 MP: 7/7
  2539 | D:3      | Paralysed by Ijyb for 4 turns
  2542 | D:3      | Killed Ijyb
  2759 | D:3      | Noticed Natasha
  2768 | D:3      | Killed Natasha
  2869 | D:3      | Found a transporter.
  3015 | D:3      | Noticed a small abomination
  3016 | D:3      | Found a one-way gate to the infinite horrors of the Abyss.
  3016 | D:3      | Noticed Dillmonsterx101's ghost (weakling OgBe)
  3017 | D:3      | Found a transporter.
  3052 | D:3      | Noticed Natasha
  3174 | D:3      | Mangled by a small abomination

Illustrated notes

Levels and vault maps discovered:
D:1:      wander_arrival_lonely_grave, layout_basic,
          ebering_ecumenical_altar_hall, minmay_split_cup_small
D:2:      layout_basic, chequers_serial_rivers_small_a, minivault_19,
          lemuel_old_faithful
D:3:      layout_basic, gammafunk_ghost_abyssal_escape, uniq_jessica,
          uniq_terence, uniq_pargi, uniq_ijyb, uniq_natasha

Skill      XL: |  1  2  3  4  5  6 |
---------------+-------------------+-----
Armour         | 1 2 3 |  3.0
Axes           | 4 |  4.4
Dodging        | 1 |  1.8
Stealth        | 1 |  1.4
Fighting       | |  3.7
Spellcasting   | |  1.0
Fire Magic     | |  3.1

Action                   |  1- 3 |  4- 6 || total
-------------------------+-------+-------++-------
Melee: Hand axe          |    84 |    39 ||   123
       Punch             |     2 |       ||     2
Invok: Fiery Armour      |     1 |     3 ||     4
       Foxfire Swarm     |       |     2 ||     2
  Use: Scroll            |     2 |     2 ||     4
Armor: Robe              |    10 |       ||    10
       Leather armour    |    37 |    27 ||    64
Dodge: Dodged            |    88 |    21 ||   109
Block: Kite shield       |       |     8 ||     8
